 Dungeon Crawl Stone Soup version 0.30.1-11-g7821555f0a (webtiles) character file.

Game seed: 3012524861721343399

134 Gumption the Vexing (level 5, -3/40 HPs)
             Began as a Gnoll Hexslinger on Nov 13, 2023.
             Killed from afar by an orc wizard (7 damage)
             ... with a puff of flame
             ... on level 3 of the Dungeon.
             The game lasted 00:19:40 (1855 turns).

Gumption the Vexing (Gnoll Hexslinger)              Turns: 1855, Time: 00:19:41

Health: -3/40      AC: 12    Str:  9    XL:     5   Next: 17%
Magic:  9/9        EV:  1    Int: 12    God:
Gold:   126        SH:  0    Dex: 15    Spells: 9/10 levels left

rFire   . . .        a - +0 trident
rCold   . . .        (no shield)
rNeg    . . .        t - +0 plate armour
rPois   .            (no helmet)
rElec   .            l - +0 cloak
rCorr   .            (no gloves)
SInv    .            o - +0 pair of boots
Will    .....        (no amulet) Stlth
                     (no ring)
HPRegen 0.26/turn    (no ring)
MPRegen 0.11/turn

%: no passive effects
@: no status effects
A: fangs 1, strong nose, distributed training
a: no special abilities


You were on level 3 of the Dungeon.
You visited 1 branch of the dungeon, and saw 3 of its levels.

You collected 126 gold pieces.

Inventory:

Hand Weapons
 a - a +0 trident (weapon)
 b - a +1 sling
Armour
 k - a +0 ring mail
 l - a +0 cloak (worn)
 o - a +0 pair of boots (worn)
 t - a +0 plate armour (worn)
Scrolls
 d - 3 scrolls of identify {unknown}
 e - a scroll of fear {unknown}
 f - 2 scrolls of noise {unknown}
 g - 2 scrolls of poison
 h - a scroll of amnesia {unknown}
 m - a scroll of teleportation {unknown}
 p - a scroll of vulnerability {unknown}
Potions
 c - a potion of brilliance {unknown}
 i - a potion of berserk rage {unknown}
 j - 2 potions of curing {unknown}
 n - a potion of haste {unknown}
 q - a potion of degeneration {unknown}
 r - a potion of resistance {unknown}
 s - 2 potions of cancellation {unknown}


   Skills:
 + Level 2.9 Fighting
 + Level 1.4 Short Blades
 + Level 1.4 Long Blades
 + Level 1.4 Axes
 + Level 1.4 Maces & Flails
 + Level 1.4 Polearms
 + Level 1.4 Staves
 + Level 4.7 Ranged Weapons
 + Level 1.4 Throwing
 + Level 1.4 Armour
 + Level 4.7 Dodging
 + Level 1.4 Stealth
 + Level 1.4 Shields
 + Level 1.4 Unarmed Combat
 + Level 3.1 Spellcasting
 + Level 1.1 Conjurations
 + Level 5.5 Hexes
 + Level 1.1 Summonings
 + Level 1.1 Necromancy
 + Level 1.1 Translocations
 + Level 1.1 Transmutations
 + Level 1.1 Fire Magic
 + Level 1.1 Ice Magic
 + Level 1.1 Air Magic
 + Level 1.1 Earth Magic
 + Level 1.1 Poison Magic
 + Level 1.6 Invocations
 + Level 1.4 Evocations


You had 9 spell levels left.
You knew the following spells:

 Your Spells              Type           Power      Damage    Failure   Level
a - Slow                  Hex            60%        N/A       100%        1

Your spell library contained the following spells:

 Spells                   Type           Power      Damage    Failure   Level
 Lesser Beckoning         Tloc           8%         N/A       100%        2
 Gell's Gravitas          Tloc           4%         N/A       100%        3
 Inner Flame              Hex/Fire       9%         N/A       100%        3
 Portal Projectile        Hex/Tloc       18%        N/A       100%        3
 Teleport Other           Tloc           4%         N/A       100%        3
 Cause Fear               Hex            7%         N/A       100%        4


Dungeon Overview and Level Annotations

Branches:
Dungeon (3/15)

Altars:
Kikubaaqudgha


Innate Abilities, Weirdness & Mutations

You have very sharp teeth.
Your uncanny sense of smell can sniff out nearby items.
Your experience applies equally to all skills.


Message History

You are confused.
You hit something. Something hits you but does no damage.
You completely miss something. Something hits you but does no damage.
An orc comes into view. It is wielding a +0 hand axe.
You closely miss something. Your bite misses something.
You hear some strange, mumbled words.
A puff of flame appears from out of thin air!
The puff of flame hits you.
You barely miss the orc. The orc hits you but does no damage.
You bump into the rock wall.
The orc hits you but does no damage.
You bump into the rock wall.
The orc hits you with a +0 hand axe.
* * * LOW HITPOINT WARNING * * *
You closely miss the orc.
You feel less confused. The orc hits you with a +0 hand axe.
* * * LOW HITPOINT WARNING * * *
You hit the orc.
The orc is lightly wounded.
The orc hits you but does no damage.
You hit the orc but do no damage.
The orc is lightly wounded.
The orc hits you with a +0 hand axe.
* * * LOW HITPOINT WARNING * * *
You barely miss the orc. You bite the orc, but do no damage.
The orc is lightly wounded.
The orc hits you with a +0 hand axe.
* * * LOW HITPOINT WARNING * * *
The orc hits you with a +0 hand axe.
* * * LOW HITPOINT WARNING * * *
You hit the orc but do no damage.
The orc is lightly wounded.
The orc hits you but does no damage.
You hit the orc.
You kill the orc!
An orc comes into view. It is wielding a +0 dagger.
Okay, then.
You hear some strange, mumbled words.
A puff of flame appears from out of thin air!
The puff of flame hits you!
You die...

...#.# ##. ...#.. ...
#..#.# .. '..#.#._.
#..#.#... .# #######
#..#... .# . #)....#
#o.#.#####.#.' ####.....#
#@........... ##.......#
#.###..#).## .........#
#.{oo.....#
#†...###############.....#
##...'..)....†..# #.....#
#...####...###.# #.....#
##### ##..###.##
#.....###### #..#~#..#
#..........# #..#~~#.#
#####.####.#


You could see an orc.

Vanquished Creatures
  An orc priest (D:3)
  A gnoll (D:2)
  4 adders (D:2)
  A worm (D:2)
  2 orcs (D:3)
  4 endoplasms
  3 giant cockroaches
  A goblin (D:2)
  6 hobgoblins
  4 jackals (D:1)
  11 kobolds
  2 quokkas
  3 ball pythons
  3 bats
  4 frilled lizards
  3 rats
53 creatures vanquished.

Notes
Turn   | Place    | Note
-------+----------+-------------------------------------------
     0 | D:1      | Gumption the Gnoll Hexslinger began the quest for the Orb.
     0 | D:1      | Reached XP level 1. HP: 17/17 MP: 4/4
   242 | D:1      | Reached XP level 2. HP: 23/23 MP: 5/5
   825 | D:2      | Reached XP level 3. HP: 27/28 MP: 2/7
   831 | D:2      | Reached skill level 1 in Invocations
   934 | D:2      | Reached skill level 1 in Short Blades
   934 | D:2      | Reached skill level 1 in Long Blades
   934 | D:2      | Reached skill level 1 in Axes
   934 | D:2      | Reached skill level 1 in Maces & Flails
   934 | D:2      | Reached skill level 1 in Polearms
   934 | D:2      | Reached skill level 1 in Staves
   934 | D:2      | Reached skill level 1 in Throwing
   934 | D:2      | Reached skill level 1 in Armour
   934 | D:2      | Reached skill level 1 in Stealth
   934 | D:2      | Reached skill level 1 in Shields
   934 | D:2      | Reached skill level 1 in Unarmed Combat
   934 | D:2      | Reached skill level 1 in Evocations
   952 | D:2      | Reached XP level 4. HP: 31/34 MP: 5/8
  1331 | D:2      | Reached skill level 1 in Conjurations
  1331 | D:2      | Reached skill level 1 in Summonings
  1331 | D:2      | Reached skill level 1 in Necromancy
  1331 | D:2      | Reached skill level 1 in Translocations
  1331 | D:2      | Reached skill level 1 in Transmutations
  1331 | D:2      | Reached skill level 1 in Fire Magic
  1331 | D:2      | Reached skill level 1 in Ice Magic
  1331 | D:2      | Reached skill level 1 in Air Magic
  1331 | D:2      | Reached skill level 1 in Earth Magic
  1331 | D:2      | Reached skill level 1 in Poison Magic
  1802 | D:3      | Found an ancient bone altar of Kikubaaqudgha.
  1822 | D:3      | Reached XP level 5. HP: 22/40 MP: 9/9
  1855 | D:3      | Killed from afar by an orc wizard

Illustrated notes

Levels and vault maps discovered:
D:1:      minmay_arrival_widening_spiral_wide, layout_rooms
D:2:      minmay_skewed_foursquare, layout_basic
D:3:      cheibrodos_thug_alley, layout_basic,
          mainiacjoe_overflow_cross_hatched, nicolae_uskayaw_suspiria

Skill      XL: |  1  2  3  4 |
---------------+-------------+-----
Invocations    | 1 |  1.6
Short Blades   | 1 |  1.4
Long Blades    | 1 |  1.4
Axes           | 1 |  1.4
Maces & Flails | 1 |  1.4
Polearms       | 1 |  1.4
Staves         | 1 |  1.4
Throwing       | 1 |  1.4
Armour         | 1 |  1.4
Stealth        | 1 |  1.4
Shields        | 1 |  1.4
Unarmed Combat | 1 |  1.4
Evocations     | 1 |  1.4
Spellcasting   | 3 |  3.1
Conjurations   | 1 |  1.1
Summonings     | 1 |  1.1
Necromancy     | 1 |  1.1
Translocations | 1 |  1.1
Transmutations | 1 |  1.1
Fire Magic     | 1 |  1.1
Ice Magic      | 1 |  1.1
Air Magic      | 1 |  1.1
Earth Magic    | 1 |  1.1
Poison Magic   | 1 |  1.1
Fighting       | |  2.9
Ranged Weapons | |  4.7
Dodging        | |  4.7
Hexes          | |  5.5

Action                     |  1- 3 |  4- 6 || total
---------------------------+-------+-------++-------
  Melee: Trident           |       |    78 ||    78
         Bite              |       |     8 ||     8
         Punch             |       |     1 ||     1
   Fire: Sling             |    96 |    35 ||   131
   Cast: Slow              |    12 |     2 ||    14
 Armour: Ring mail         |     6 |    17 ||    23
         Robe              |     2 |       ||     2
         Plate armour      |       |    39 ||    39
  Dodge: Dodged            |    41 |    27 ||    68
